 Dungeon Crawl Stone Soup version 0.24.0-28-g17ded55e90 (webtiles) character file.

Game seed: 18196887274466107356, levelgen mode: deterministic

436 Descartes the Sneak (level 7, -7/37 HPs)
             Began as a Vine Stalker Monk on Nov 12, 2019.
             Was a Believer of Wu Jian.
             Mangled by an ogre
             ... wielding a +0 giant spiked club
              (21 damage)
             ... on level 4 of the Dungeon.
             The game lasted 00:07:33 (3242 turns).

Descartes the Sneak (Vine Stalker Monk)             Turns: 3242, Time: 00:07:34

Health: -7/37      AC:  6    Str: 16    XL:     7   Next: 1%
Magic:  0/8        EV: 14    Int: 10    God:    Wu Jian [**....]
Gold:   204        SH:  0    Dex: 16    Spells: 6/6 levels left

rFire    + . .     SeeInvis .     - Unarmed
rCold    + . .     Gourm    .   (no shield)
rNeg     . . .     Faith    .   n - +1 robe {rC+ rF+}
rPois    .         Spirit   +   y - +2 hat
rElec    .         Reflect  .   e - +0 cloak
rCorr    .         Harm     .   (no gloves)
MR       .....                  (no boots)
Stlth    +++.......             (no amulet)
HPRegen  0.52/turn              (no ring)
MPRegen  0.11/turn              (no ring)

@: lethally poisoned (-7 -> -7)
A: fangs 2, regeneration 1, magic shield, antimagic bite, no potion heal 3, rot
immunity
a: Wall Jump, Renounce Religion


You were on level 4 of the Dungeon.
You worshipped Wu Jian.
Wu Jian was pleased with you.
You were not hungry.

You visited 2 branches of the dungeon, and saw 5 of its levels.

You collected 204 gold pieces.

Inventory:

Hand Weapons
 a - a +0 hunting sling
 t - a +2 dagger of venom
Missiles
 g - 75 stones (quivered)
 o - 4 atropa-tipped darts
 u - 13 poisoned darts
 v - 26 bolts
 w - 9 arrows
Armour
 c - a +0 scale mail
 e - a +0 cloak (worn)
 i - a +0 robe
 n - a +1 robe of resistance (worn)
 y - a +2 hat (worn)
Wands
 x - a wand of iceblast (10)
Scrolls
 j - a scroll of fear {unknown}
 k - 5 scrolls of remove curse {unknown}
 m - 3 scrolls of identify {unknown}
 p - a scroll of enchant armour {unknown}
 q - a scroll of magic mapping {unknown}
 s - a scroll of teleportation {unknown}
Potions
 d - a potion of curing {unknown}
 f - 2 potions of degeneration {unknown}
 h - a potion of lignification {unknown}
 l - 2 potions of cancellation {unknown}
 z - 3 potions of haste {unknown}
Comestibles
 b - 8 rations


   Skills:
 + Level 4.0 Fighting
 - Level 0.6 Armour
 * Level 3.7 Dodging
 + Level 5.0 Stealth
 * Level 4.6 Unarmed Combat


You had 6 spell levels left.
You didn't know any spells.
Your spell library contained the following spells:

 Spells                   Type           Power        Failure   Level  Hunger
 Beastly Appendage        Tmut           #.....       36%         1    ##.....
 Sticks to Snakes         Tmut           #.......     50%         2    ###....
 Spider Form              Tmut/Pois      #.........   75%         3    ####...
 Ice Form                 Ice/Tmut       #.......     98%         4    #####..
 Blade Hands              Tmut           #.........   100%        5    ######.


Dungeon Overview and Level Annotations

Branches:
Dungeon (4/15)             Temple (1/1) D:4

Altars:
Ashenzari
Cheibriados
Dithmenos
Elyvilon
Fedhas
Hepliaklqana
Kikubaaqudgha
Makhleb
Okawaru
Ru
Sif Muna
Trog
Uskayaw
Vehumet
Wu Jian
Xom
Yredelemnul
The Shining One


Innate Abilities, Weirdness & Mutations

You have extremely sharp teeth.
Your natural rate of healing is unusually fast.
When hurt, damage is shared between your health and your magic reserves.
Your bite disrupts and absorbs the magic of your enemies.
Potions cannot restore your health.
You are immune to rotting.


Message History

The centaur skeleton is severely damaged.
The centaur skeleton barely misses you. The centaur skeleton hits you.
You hit the centaur skeleton. You bite the centaur skeleton.
You drain its power.
You feel invigorated.
The centaur skeleton is almost destroyed.
The centaur skeleton barely misses you.
You hit the centaur skeleton.
You destroy the centaur skeleton!
The Council accepts your kill.
Your Stealth skill increases to level 5!
You have reached level 7!
You punch the ogre! Your bite misses the ogre.
The ogre is moderately wounded.
You feel sick.
The ogre hits you with a +0 giant spiked club!!
You hit the ogre but do no damage. Your bite misses the ogre.
The ogre is moderately wounded.
The ogre hits you with a +0 giant spiked club!!
Ouch! That really hurt!
You die...

#.# ... ... #.# ##### ...
#... #.# #...# #.# .$...
#.# #.⌠.# #.##.....
#.#####...##### #O.....
#.##..........# #..#.###.
#.#..⌠..>..⌠..# #........
#.#......[....####.##.#...
#...###...###...@Os.....#
##### #.⌠.# ######.#....#
#...# #.#...... ##### #.#
...## #.. ..... ### ####
#########


You could see an ogre and a scorpion.

Vanquished Creatures
  Sigmund (D:2)
  A scorpion (D:3)
  A centaur skeleton (D:4)
  An iguana (D:4)
  Jessica (D:2)
  A worker ant (D:4)
  A howler monkey zombie (D:3)
  3 adders
  3 oozes
  2 worms
  4 dart slugs
  A leopard gecko (D:1)
  4 orcs
  A giant cockroach (D:3)
  8 goblins
  6 hobgoblins
  4 jackals (D:1)
  6 kobolds
  5 bats
  5 frilled lizards
  6 rats
65 creatures vanquished.

Notes
Turn   | Place    | Note
-------+----------+-------------------------------------------
     0 | D:1      | Descartes the Vine Stalker Monk began the quest for the
                  | Orb.
     0 | D:1      | Reached XP level 1. HP: 11/11 MP: 2/2
   175 | D:1      | Reached XP level 2. HP: 16/16 MP: 3/3
   567 | D:1      | Reached skill level 3 in Stealth
   817 | D:1      | Reached XP level 3. HP: 4/20 MP: 2/4
  1573 | D:2      | Noticed Jessica
  1578 | D:2      | Killed Jessica
  1578 | D:2      | Gained mutation: Your natural rate of healing is unusually
                  | fast. [Vine Stalker growth]
  1578 | D:2      | Reached XP level 4. HP: 21/24 MP: 3/5
  1605 | D:2      | Noticed Sigmund
  1623 | D:2      | Killed Sigmund
  1623 | D:2      | Reached skill level 4 in Stealth
  1623 | D:2      | Reached XP level 5. HP: 15/29 MP: 6/6
  1725 | D:2      | Reached XP level 6. HP: 33/33 MP: 7/7
  3172 | D:4      | Found a staircase to the Ecumenical Temple.
  3184 | Temple   | Entered the Ecumenical Temple
  3199 | Temple   | Became a worshipper of the Wu Jian Council
  3199 | Temple   | Reached * piety under Wu Jian
  3199 | Temple   | Reached ** piety under Wu Jian
  3240 | D:4      | Reached skill level 5 in Stealth
  3240 | D:4      | Reached XP level 7. HP: 30/37 MP: 8/8
  3242 | D:4      | Mangled by an ogre

Levels and vault maps discovered:
D:1:      elethiomel_arrival_maze, layout_basic, minivault_11,
          minmay_misc_feat_four_crosses
D:2:      layout_basic, uniq_jessica, uniq_sigmund
D:3:      layout_rooms
D:4:      layout_basic, minmay_temple_entry_junction, first_ration,
          grunt_gozag_breadcrumbs, uniq_blork_the_orc, uniq_ijyb
Temple:   nicolae_temple_no_exploring_needed

Skill      XL: |  1  2  3  4  5  6 |
---------------+-------------------+-----
Fighting       | 3 4 |  4.0
Stealth        | 3 4 5 |  5.0
Dodging        | 3 |  3.7
Unarmed Combat | 4 |  4.6
Armour         | |  0.6

Action                   |  1- 3 |  4- 6 |  7- 9 || total
-------------------------+-------+-------+-------++-------
Melee: Unarmed           |    92 |   147 |     2 ||   241
       Bite              |    25 |    45 |       ||    70
       Punch             |     2 |     3 |       ||     5
 Fire: Hunting sling     |     1 |       |       ||     1
 Stab: Sleeping          |     1 |    12 |       ||    13
       Distracted        |       |     1 |       ||     1
  Eat: Chunk             |     2 |     5 |       ||     7
Armor: Scale mail        |    50 |     2 |       ||    52
       Robe              |       |    16 |       ||    16
Dodge: Dodged            |    72 |    73 |       ||   145
